 Dungeon Crawl Stone Soup version 0.27.1-33-g824d729ab1 (webtiles) character file.

Game seed: 5529557370241031742

44 walnutcon the Changer (level 3, -1/26 HPs)
             Began as a Merfolk Transmuter on Dec 15, 2021.
             Succumbed to a kobold's poison
             ... on level 2 of the Dungeon.
             The game lasted 00:05:12 (1909 turns).

walnutcon the Changer (Merfolk Transmuter)          Turns: 1909, Time: 00:05:13

Health: -1/26      AC:  2    Str: 10    XL:     3   Next: 60%
Magic:  4/6        EV: 12    Int: 13    God:
Gold:   59         SH:  0    Dex: 14    Spells: 0/6 levels left

rFire    . . .     SeeInvis .     - Unarmed
rCold    . . .     Faith    .   (no shield)
rNeg     . . .     Spirit   .   a - +0 robe
rPois    .         Reflect  .   (helmet currently unavailable)
rElec    .         Harm     .   (no cloak)
rCorr    .         Rampage  .   (no gloves)
Will     .....                  (boots currently unavailable)
Stlth    +.........             (no amulet)
HPRegen  0.08/turn              (no ring)
MPRegen  0.10/turn              (no ring)

@: lethally poisoned (-1 -> -26), appendages (expiring), wereblooded
A: horns 2, (nimble swimmer 2), mertail
a: End Transformation


You were on level 2 of the Dungeon.
You had temporarily grown beastly horns.
You visited 1 branch of the dungeon, and saw 2 of its levels.

You collected 59 gold pieces.

Inventory:

Armour
 a - a +0 robe (worn)
Magical Staves
 d - a staff of fire
Scrolls
 b - 4 scrolls of teleportation {unknown}
 c - 2 scrolls of identify {unknown}
 g - 2 scrolls of amnesia {unknown}
Potions
 e - a potion of curing {unknown}
 f - a potion of resistance {unknown}


   Skills:
 - Level 1.1 Fighting
 - Level 2.6 Dodging
 - Level 3.2 Unarmed Combat
 - Level 2.0 Spellcasting
 * Level 5.2 Transmutations


You couldn't memorise any spells.
You knew the following spells:

 Your Spells              Type           Power      Damage    Failure   Level
a - Beastly Appendage     Tmut           28%        N/A       3%          1
b - Wereblood             Tmut           14%        N/A       4%          2
c - Spider Form           Tmut/Pois      4%         N/A       26%         3

Your spell library contained the following spells:

 Spells                   Type           Power      Damage    Failure   Level
 Ice Form                 Ice/Tmut       8%         N/A       65%         4


Dungeon Overview and Level Annotations

Branches:
Dungeon (2/15)

Altars:


Innate Abilities, Weirdness & Mutations

You have temporarily grown beastly horns.
((You are quick and stealthy near water. (Stealth+, EV+, Speed+++)))
Your lower body shifts to a powerful aquatic tail in water.


Message History

There is an open door here.
Found 14 gold pieces.
Found a robe.
You now have 59 gold pieces (gained 14).
You see here a +0 robe.
A kobold comes into view. It is wielding a +0 whip of venom.
Casting: Beastly Appendage (safe; 3% risk of failure)
Confirm with . or Enter, or press ? or * to list all spells.
You grow a pair of large bovine horns.
The kobold shouts!
The kobold throws a stone.
The stone hits you.
You barely miss the kobold.
You headbutt the kobold, but do no damage.
The kobold misses you.
You hit the kobold but do no damage. The kobold closely misses you.
You barely miss the kobold.
The kobold hits you with a +0 whip of venom.
You are poisoned.
You barely miss the kobold. Your headbutt misses the kobold.
You feel sick.
The kobold hits you with a +0 whip of venom.
You hit the kobold.
The kobold is severely wounded.
You feel sick.
The kobold hits you with a +0 whip of venom.
You are lethally poisoned!
You completely miss the kobold. Your headbutt misses the kobold.
The kobold is severely wounded.
You feel very sick. The kobold barely misses you.
Casting: Beastly Appendage (safe; 3% risk of failure)
Confirm with . or Enter, or press ? or * to list all spells.
Your blood is infused with primal strength.
You feel very sick.
The kobold hits you with a +0 whip of venom.
* * * LOW HITPOINT WARNING * * *
You are more poisoned.
You hit the kobold.
You feel a bit better.
You kill the kobold!
Your transformation is almost over.
You die...

#..........##.#
#.#.##########.##
...###.######.###.#.#
#.#
....<..######.#...#.#
#..
..............#.###.#
####
.##############.# #.#
.# #<# #.# #.# .# #.#
#.# #.# .#######.#
#.###.# .........#
#.@)..# .#########
#####.# ##


There were no monsters in sight!

Vanquished Creatures
  An adder (D:2)
  3 dart slugs
  4 bats
  3 endoplasms (D:2)
  2 giant cockroaches (D:1)
  3 goblins
  A hobgoblin (D:2)
  A quokka (D:1)
  4 ball pythons
  A frilled lizard (D:1)
  2 kobolds (D:2)
  5 rats
30 creatures vanquished.

Notes
Turn   | Place    | Note
-------+----------+-------------------------------------------
     0 | D:1      | walnutcon the Merfolk Transmuter began the quest for the
                  | Orb.
     0 | D:1      | Reached XP level 1. HP: 15/15 MP: 3/3
   143 | D:1      | Reached skill level 3 in Transmutations
   337 | D:1      | Reached XP level 2. HP: 21/21 MP: 3/5
   379 | D:1      | Learned a level 2 spell: Wereblood
   732 | D:1      | Reached skill level 4 in Transmutations
  1247 | D:2      | Reached XP level 3. HP: 26/26 MP: 4/6
  1251 | D:2      | Learned a level 3 spell: Spider Form
  1683 | D:2      | Reached skill level 5 in Transmutations
  1909 | D:2      | Succumbed to a kobold's poison

Illustrated notes

Levels and vault maps discovered:
D:1:      onia_arrival_mini_maze, layout_rooms, wad_floor_pattern_untrapped
D:2:      layout_basic, basic_altar

Skill      XL: |  1  2  3 |
---------------+----------+-----
Transmutations | 3 4 5 |  5.2
Fighting       | |  1.1
Dodging        | |  2.6
Unarmed Combat | |  3.2
Spellcasting   | |  2.0

Action                   || total
-------------------------++-------
Melee: Unarmed           ||    99
       Headbutt          ||     9
       Punch             ||     1
 Cast: Beastly Appendage ||    23
       Wereblood         ||     1
 Stab: Sleeping          ||     1
Armor: Robe              ||    16
Dodge: Dodged            ||    57
